 Dungeon Crawl Stone Soup version 0.28.0-43-g3370ac3207 (webtiles) character file.

Game seed: 5393410765025742320

20 Jerry the Shield-Bearer (level 2, 29/29 HPs)
             Began as a Troll Fighter on Mar 14, 2022.
             Was an Initiate of Ashenzari.
             Quit the game on level 1 of the Dungeon.
             The game lasted 00:01:43 (371 turns).

Jerry the Shield-Bearer (Troll Fighter)              Turns: 371, Time: 00:01:44

Health: 29/29      AC:  4    Str: 23    XL:     2   Next: 58%
Magic:  1/1        EV:  8    Int:  4    God:    Ashenzari [......]
Gold:   25         SH:  7    Dex:  9    Spells: 1/1 levels left

rFire   . . .      SeeInvis .   a - +0 flail
rCold   . . .      Faith    .   c - +0 kite shield
rNeg    . . .      Spirit   .   b - +0 robe
rPois   .          Reflect  .   (helmet restricted)
rElec   .          Harm     .   (no cloak)
rCorr   .          Rampage  .   (gloves unavailable)
Will    .....                   (boots unavailable)
Stlth   +.........              (no amulet)
HPRegen 0.89/turn               (no ring)
MPRegen 0.07/turn               (no ring)

@: no status effects
A: large, unfitting armour, claws 3, regeneration 1, shaggy fur 1, tough skin 1
a: Renounce Religion


You were on level 1 of the Dungeon.
You worshipped Ashenzari.
Ashenzari was noncommittal.
You visited 1 branch of the dungeon, and saw 1 of its levels.

You collected 25 gold pieces.

Inventory:

Hand Weapons
 a - a +0 flail (weapon)
Armour
 b - a +0 robe (worn)
 c - a +0 kite shield (worn)
Scrolls
 e - a scroll of enchant armour {unknown}
 g - a scroll of teleportation {unknown}
Potions
 d - a potion of might
 f - a potion of degeneration {unknown}


   Skills:
 - Level 2.4 Fighting
 * Level 2.4 Maces & Flails
 + Level 2.6 Dodging
 + Level 2.6 Shields


You had one spell level left.
You didn't know any spells.
Your spell library was empty.

Dungeon Overview and Level Annotations

Branches:
Dungeon (1/15)

Altars:
Ashenzari


Innate Abilities, Weirdness & Mutations

You are too large for most types of armour.
You have claws for hands.
Your natural rate of healing is unusually fast.
You are covered in fur. (AC +1)
You have tough skin. (AC +1)


Message History

You barely miss the kobold. The kobold barely misses you.
You thump the kobold!
You kill the kobold!
No target in view!
No target in view!
There is a stone staircase leading down here.
Things that are here:
a +0 dagger; 3 stones; a kobold corpse A rat comes into view.
An endoplasm comes into view.
The endoplasm quivers.
The endoplasm moves out of view.
Found a hand axe and 8 gold pieces.
The rat closely misses you.
You barely miss the rat. The rat misses you.
You barely miss the endoplasm. You block the rat's attack.
The endoplasm freezes you.
You are frozen.
You thump the endoplasm!
You kill the endoplasm!
The rat bites you but does no damage. The rat bites you.
You closely miss the rat. You block the rat's attack.
You hit the rat.
You kill the rat!
No target in view!
No target in view!
Found a stone staircase leading down.
Found a faded altar of an unknown god.
You now have 25 gold pieces (gained 8).
A hobgoblin comes into view.
A hobgoblin is nearby!
A hobgoblin is nearby!
There is a faded altar of an unknown god here.
You cannot tell which god this altar belongs to.
Convert to them anyway?
Ashenzari accepts your prayer! Ashenzari welcomes you!
Ashenzari warns you of distant threats and treasures.
Ashenzari reveals the structure of the dungeon to you.
Ashenzari shows you where magical portals lie.
The hobgoblin shouts!
Unknown command.
Press < or > to pray at altars.
Are you sure you want to abandon this character and quit the game? (Confirm with "yes".)

###......###.#
......)......#
##>###.######
# #. #.# #.#.
#.## ##.g.#
#..#
......♣♣..#
####......#
.....P.@.♣#
###.♣P.♣..#
#...P...#
......♣♣..#
####.. ...#
### ####


You could see a hobgoblin.

Vanquished Creatures
  A dart slug (D:1)
  A ball python (D:1)
  3 endoplasms (D:1)
  A giant cockroach (D:1)
  A goblin (D:1)
  A hobgoblin (D:1)
  3 kobolds (D:1)
  A quokka (D:1)
  4 rats (D:1)
16 creatures vanquished.

Notes
Turn   | Place    | Note
-------+----------+-------------------------------------------
     0 | D:1      | Jerry the Troll Fighter began the quest for the Orb.
     0 | D:1      | Reached XP level 1. HP: 22/22 MP: 0/0
    72 | D:1      | Reached XP level 2. HP: 24/29 MP: 1/1
   360 | D:1      | Found a faded altar of an unknown god.
   370 | D:1      | Prayed at the altar of an unknown god.
   370 | D:1      | Became a worshipper of Ashenzari the Shackled
   371 | D:1      | Quit the game

Illustrated notes

Levels and vault maps discovered:
D:1:      minmay_arrival_wavy_path, layout_basic,
          ebering_ecumenical_altar_petrified

Skill      XL: |  1 |
---------------+----+-----
Maces & Flails | 2 |  2.4
Fighting       | |  2.4
Dodging        | |  2.6
Shields        | |  2.6

Action                   || total
-------------------------++-------
Melee: Flail             ||    50
Armor: Robe              ||    25
Dodge: Dodged            ||    24
Block: Kite shield       ||    17
